 Dungeon Crawl Stone Soup version 0.19-a0-1932-g59670f6 (webtiles) character file.

343626 motkuristreak2 the Brawler (level 21, -9/217 HPs)
             Began as a Troll Monk on Oct 24, 2016.
             Was the Champion of Makhleb.
             Hit by a large rock thrown by a stone giant (45 damage)
             ... on level 5 of the Vaults on Oct 25, 2016.
             The game lasted 02:24:56 (37327 turns).

motkuristreak2 the Brawler (Troll Monk)            Turns: 37327, Time: 02:24:57

Health: -9/217     AC: 21    Str: 26    XL:     21   Next: 13%
Magic:  29/29      EV: 15    Int: 13    God:    Makhleb [******]
Gold:   257        SH: 22    Dex: 21    Spells: 0 memorised, 20 levels left

rFire  + + .     SeeInvis +       - Unarmed
rCold  . . .     Gourm    +     W - +6 fire dragon scales
rNeg   + + +     Faith    .     V - +0 large shield
rPois  +         Spirit   .     k - +0 hat of Too Many Cooks {*Drain Slay+6 SInv Stlth+}
rElec  +         Reflect  .     (no cloak)
rCorr  .         Harm     .     (gloves unavailable)
MR     +....                    (boots unavailable)
Stlth  +.........               X - amulet of regeneration
                                f - ring "Yzydeddi" {rElec rC+ Int+4}
                                j - ring of Relativism {rPois rN+++ Int+3 Dex+3}

@: marked, very slightly contaminated, slowed, very slow
A: unfitting armour, claws 3, fast metabolism 3, gourmand, regeneration 1,
shaggy fur 1, tough skin 2
a: Minor Destruction, Lesser Servant of Makhleb, Major Destruction, Greater
Servant of Makhleb, Renounce Religion
}: 2/15 runes: serpentine, barnacled


You were on level 5 of the Vaults.
You worshipped Makhleb.
Makhleb was exalted by your worship.
You were hungry.

You visited 8 branches of the dungeon, and saw 39 of its levels.
You also visited: Labyrinth and Bailey.

You collected 3617 gold pieces.
You spent 3360 gold pieces at shops.

Inventory:

Missiles
 n - 89 large rocks (quivered)
Armour
 a - the +1 robe of Poci {rElec rF+ rCorr Int-4}
   (You found it on level 4 of the Vaults)

   It affects your intelligence (-4).
   It protects you from fire.
   It insulates you from electricity.
   It protects you from acid and corrosion.
 k - the +0 hat of Too Many Cooks (worn) {*Drain Slay+6 SInv Stlth+}
   (You bought it in a shop on level 2 of the Orcish Mines)

   It affects your accuracy and damage with ranged weapons and melee attacks
   (+6).
   It lets you see invisible.
   It causes draining when unequipped.
   It makes you more stealthy.
 F - the +0 cloak of Dim Light {rPois Int-4 Dex+5 Stlth+}
   (You acquired it on level 3 of the Vaults)

   It affects your intelligence (-4).
   It affects your dexterity (+5).
   It protects you from poison.
   It makes you more stealthy.
 V - a +0 large shield (worn)
 W - +6 fire dragon scales (worn)
 Y - a +1 cloak
Jewellery
 d - a +5 ring of protection
 f - the ring "Yzydeddi" (right claw) {rElec rC+ Int+4}
   (You bought it in a shop on level 3 of the Snake Pit)

   [ring of intelligence]

   It affects your intelligence (+4).
   It protects you from cold.
   It insulates you from electricity.
 j - the ring of Relativism (left claw) {rPois rN+++ Int+3 Dex+3}
   (You acquired it on level 3 of the Snake Pit)

   [ring of intelligence]

   It affects your intelligence (+3).
   It affects your dexterity (+3).
   It protects you from poison.
   It renders you almost immune to negative energy.
 A - the ring of Vanity {+Fly MR+ Str+2 Dex+4 Stlth+}
   (You bought it in a shop on level 1 of the Depths)

   [ring of stealth]

   It affects your strength (+2).
   It affects your dexterity (+4).
   It affects your resistance to hostile enchantments.
   It lets you fly.
   It makes you more stealthy.
 D - an uncursed amulet of rage
 I - an uncursed ring of ice
 R - an uncursed ring of resist corrosion
 X - an amulet of regeneration (around neck)
Wands
 c - a wand of disintegration (1/24)
 i - a wand of heal wounds (0/9)
 B - a wand of teleportation (0/9)
Scrolls
 e - 10 scrolls of remove curse
 l - 2 scrolls of fear
 r - a scroll of silence
 u - 2 scrolls of recharging
 v - a scroll of magic mapping
 w - 2 scrolls of fog
 y - 8 scrolls of enchant weapon
 L - 12 scrolls of amnesia
 P - 2 scrolls of holy word
 S - 3 scrolls of brand weapon
 Z - 6 scrolls of blinking
Potions
 h - 8 potions of agility {unknown}
 m - 15 potions of curing
 o - a potion of cure mutation {unknown}
 x - 3 potions of resistance
 z - 5 potions of cancellation {unknown}
 C - 9 potions of flight {unknown}
 G - 7 potions of might {unknown}
 H - 5 potions of magic {unknown}
 J - 4 potions of brilliance {unknown}
 K - a potion of mutation {unknown}
 N - a potion of beneficial mutation {unknown}
 Q - a potion of invisibility {unknown}
 T - 3 potions of berserk rage {unknown}
 U - 3 potions of ambrosia {unknown}
Comestibles
 b - 31 bread rations
 g - a slice of pizza
 p - 33 fruits
 s - 11 beef jerkies
 E - 16 meat rations


   Skills:
 + Level 14.8 Fighting
 + Level 7.5 Throwing
 + Level 11.3 Armour
 - Level 9.4 Dodging
 - Level 1.0 Stealth
 * Level 15.5 Shields
 + Level 18.3 Unarmed Combat
 - Level 13.2 Invocations


You had 20 spell levels left.
You didn't know any spells.

Dungeon Overview and Level Annotations

Branches:
Dungeon (15/15)            Temple (1/1) D:5            Lair (6/6) D:11
 Shoals (4/4) Lair:2        Snake (4/4) Lair:4        Slime (0/5) Lair:5
    Orc (2/2) D:10            Elf (0/3) Orc:2        Vaults (5/5) D:14
  Crypt (0/3) Vaults:3     Depths (2/5) D:15

Altars:
Ashenzari
Cheibriados
Dithmenos
Elyvilon
Fedhas
Gozag
Hepliaklqana
Kikubaaqudgha
Makhleb
Nemelex Xobeh
Okawaru
Qazlal
Ru
Sif Muna
Trog
Uskayaw
Vehumet
Xom
Yredelemnul
Zin
The Shining One
Beogh
Jiyva

Shops:
D:14 [   Orc:2 ([((   Snake:2 !:*}[   Snake:3 =((   Vaults:1 :   Depths:1 }}=*

Portals:
Hell: Depths:1 Depths:2
Pandemonium: Depths:2

Annotations:
Vaults:4 exclusion: obsidian statue
Vaults:5 Margery, Sojobo


Innate Abilities, Weirdness & Mutations

You are too large for most types of armour.
You have claws for hands.
Your metabolism is lightning-fast.
You like to eat raw meat.
Your natural rate of healing is unusually fast.
You are covered in fur. (AC +1)
You have very tough skin. (AC +2)


Message History

The stone giant throws a large rock.
The large rock hits you!!!
* * * LOW HITPOINT WARNING * * *
A wolf spider comes into view.
Unknown command.
Unknown command.
Evoke which item? (* to show all) (? for menu, Esc to quit)
Okay, then.
You mangle the deep elf annihilator!!
The deep elf annihilator is severely wounded.
You block the deep elf annihilator's attack.
The stone giant throws a large rock.
The large rock hits you!
* * * LOW HITPOINT WARNING * * *
Unknown command.
You mangle the deep elf annihilator!!
You kill the deep elf annihilator!
Makhleb accepts your kill.
You feel better.
The floating eye's stare focuses on you.
The stone giant throws a large rock.
The large rock hits you!!!
You die...

###
###.#
#G@##
#..s#).#
#.|#
.#.# #.
#. .C $.
.#. ..#
.#.. ##
## .# ..


You could see a stone giant, a wolf spider and a floating eye shaped shifter.

Vanquished Creatures
  An ancient lich (Vaults:5)
  A bone dragon (Vaults:3)
  Polyphemus (Shoals:4)
  A kraken (Shoals:3)
  3 sphinxes
  A shadow dragon (Vaults:5)
  5 nagarajas (Snake:4)
  4 fire giants
  2 deep elf sorcerers
  11 vault wardens
  An orc warlord (Orc:2)
  A ghoul (Vaults:1)
  A war gargoyle (Vaults:3)
  8 ironheart preservers
  7 very ugly things
  17 stone giants
  2 deep elf demonologists
  2 deep elf annihilators
  A deep elf death mage (Vaults:2)
  Snorg (Lair:3)
  A minotaur (Lab)
  7 fire dragons
  5 merfolk javelineers
  4 ettins
  10 merfolk impalers
  11 yaktaur captains
  4 great orbs of eyes
  7 ice dragons
  9 vault guards
  4 hydras
  A rakshasa (Depths:2)
  3 centaur warriors
  3 merfolk avatars
  3 merfolk aquamancers (Shoals:4)
  7 anacondas
  3 catoblepae
  7 tengu warriors
  11 ogre magi
  15 naga warriors
  7 deep troll earth magi
  2 death knights
  2 satyrs (Shoals:4)
  3 spriggan berserkers
  2 deep troll shamans
  5 death yaks
  A vampire mage (Depths:2)
  6 shock serpents
  An orc high priest (Orc:1)
  Sonja (Lair:2)
  15 naga sharpshooters
  9 skeletal warriors (Vaults:1)
  4 deep elf knights
  A sixfirhy (Depths:2)
  18 deep trolls
  The ghost of Zwobot the Cleaver, a novice DgFi (Bailey)
  8 hell knights
  An unseen horror (shapeshifter) (Vaults:5)
  3 salamander mystics
  9 sea snakes
  3 unseen horrors
  A flayed ghost (Vaults:3)
  A wizard (Vaults:1)
  A glowing orange brain (Vaults:2)
  7 naga ritualists
  A wolf spider zombie (D:12)
  5 necromancers
  3 deep elf archers
  The ghost of Capuchin the Shield-Bearer, a novice MiFi (D:5)
  8 hill giants
  13 orc knights
  6 mana vipers
  13 ironbrand convokers
  A harpy (shapeshifter) (D:13)
  A wolf spider (shapeshifter) (Depths:2)
  An iron dragon zombie (Depths:2)
  3 wolf spiders
  12 deep elf magi
  4 cyclopes
  6 orc sorcerers
  13 harpies
  43 ugly things
  14 manticores
  2 stone giant zombies
  9 fauns
  A salamander (shapeshifter) (D:14)
  26 black mambas
  13 salamanders
  9 sirens
  13 vault sentinels
  10 elephants
  A torpor snail (Lair:6)
  A black mamba (shapeshifter) (Vaults:1)
  3 water nymphs
  A guardian serpent (shapeshifter) (Vaults:1)
  A gargoyle (D:15)
  2 guardian serpents (Snake:4)
  26 naga magi
  An elf zombie (Depths:1)
  13 spiny frogs
  3 rime drakes
  A centaur skeleton (D:13)
  A yaktaur (shapeshifter) (Depths:1)
  7 freezing wraiths
  6 komodo dragons
  2 kobold demonologists
  43 yaktaurs
  An ice devil (Depths:1)
  A meliai (shapeshifter) (Vaults:3)
  A tengu conjurer (Depths:1)
  11 trolls
  4 polar bears (Lair:6)
  4 meliai
  6 wind drakes
  A polar bear (shapeshifter) (Vaults:3)
  A queen bee (shapeshifter) (Vaults:3)
  15 two-headed ogres
  11 hornets
  31 merfolk
  32 slime creatures
  17 blink frogs
  8 hippogriffs
  A hornet (shapeshifter) (Vaults:4)
  An ettin zombie (Depths:1)
  9 snapping turtles
  A deep troll zombie (Depths:1)
  Grinder (D:5)
  9 dream sheep
  23 yaks
  12 spriggans (Lair:6)
  9 water elementals
  A shadow (D:14)
  3 wraiths
  A basilisk (D:14)
  A neqoxec (Depths:2)
  4 vampire mosquitoes (D:13)
  A steam dragon (D:10)
  3 hungry ghosts
  Menkaure (D:7)
  A mottled dragon (shapeshifter) (D:12)
  2 mottled dragons (Vaults:1)
  7 wargs
  46 nagas
  16 water moccasins
  4 porcupines
  5 black bears
  3 sky beasts
  43 orc warriors
  Duvessa (D:6)
  2 black bears (shapeshifter)
  An eye of draining (D:14)
  7 ice beasts
  4 necrophages (Lair:5)
  30 wolves
  18 boggarts
  40 ogres
  3 phantoms
  7 centaurs
  12 crocodiles
  2 big kobolds
  5 gnoll sergeants (D:10)
  20 bullfrogs
  A wyvern zombie (D:13)
  A wyvern skeleton (D:6)
  Dowan (D:6)
  A water moccasin zombie (D:10)
  2 scorpions (D:10)
  8 killer bees
  17 wights
  A howler monkey (D:8)
  4 electric eels (Lair:2)
  5 crimson imps
  A wyvern simulacrum (D:14)
  A bullfrog zombie (D:11)
  7 centaur zombies
  6 hounds
  5 jellies
  20 orc priests
  3 iguanas
  32 orc wizards
  2 bullfrog skeletons
  11 worker ants
  3 hound skeletons
  4 gnolls (D:10)
  5 river rats (D:11)
  13 adders
  3 shadow imps
  4 worms
  2 dart slugs (D:1)
  5 leopard geckos
  114 orcs
  3 ball pythons
  13 bats
  5 giant cockroaches
  24 goblins
  6 hobgoblins
  8 jackals
  5 quokkas
  10 frilled lizards
  A jackal skeleton (D:7)
  22 kobolds
  2 leopard gecko skeletons
  A quokka skeleton (D:7)
  18 rats
  3 tentacles (Shoals:3)
1548 creatures vanquished.

Vanquished Creatures (collateral kills)
  A tengu reaver (Vaults:5)
  Ilsuiw (Shoals:4)
  An ironheart preserver (Vaults:2)
  2 merfolk impalers
  2 merfolk javelineers (Shoals:4)
  A merfolk avatar (Shoals:4)
  A merfolk aquamancer (Shoals:4)
  A deep elf knight (Vaults:2)
  A deep elf archer (Vaults:2)
  A snapping turtle (Shoals:4)
  An orc warrior (Vaults:2)
13 creatures vanquished.

Vanquished Creatures (others)
  A great orb of eyes (Depths:2)
  A deep troll shaman (Depths:2)
  2 slime creatures (Vaults:1)
  14 fungi
  7 plants
  5 tentacles (Shoals:3)
30 creatures vanquished.

Grand Total: 1591 creatures vanquished

Notes
Turn   | Place    | Note
-------+----------+-------------------------------------------
     0 | D:1      | motkuristreak2 the Troll Monk began the quest for the Orb.
     0 | D:1      | Reached XP level 1. HP: 22/22 MP: 0/0
   168 | D:1      | Reached XP level 2. HP: 29/29 MP: 1/1
   367 | D:1      | Reached XP level 3. HP: 36/36 MP: 2/2
   782 | D:2      | Reached skill level 4 in Unarmed Combat
  1024 | D:2      | Reached XP level 4. HP: 40/45 MP: 3/3
  2566 | D:4      | Reached XP level 5. HP: 49/53 MP: 4/4
  2758 | D:4      | Reached skill level 5 in Unarmed Combat
  3001 | D:5      | Entered Level 5 of the Dungeon
  3001 | D:5      | Noticed an ice beast
  3004 | D:5      | Killed an ice beast
  3004 | D:5      | Reached XP level 6. HP: 61/61 MP: 5/5
  3010 | D:5      | Noticed an ice beast
  3022 | D:5      | Killed an ice beast
  3067 | D:5      | Reached skill level 6 in Unarmed Combat
  3071 | D:5      | Found a staircase to the Ecumenical Temple.
  3090 | Temple   | Entered the Ecumenical Temple
  3161 | Temple   | Became a worshipper of Makhleb the Destroyer
  3161 | Temple   | Reached * piety under Makhleb
  3161 | Temple   | Reached ** piety under Makhleb
  3192 | D:5      | Noticed Grinder
  3192 | D:5      | Noticed Capuchin's ghost (novice MiFi)
  3402 | D:6      | Reached XP level 7. HP: 70/70 MP: 6/6
  3512 | D:6      | Got an ancient spear
  3513 | D:6      | Identified the +6 spear of the Present {protect, rC+ MR- Str+2} (You found it on level 6 of the Dungeon)
  3749 | D:5      | Killed Grinder
  3749 | D:5      | Reached skill level 7 in Unarmed Combat
  3857 | D:5      | Reached XP level 8. HP: 79/79 MP: 7/7
  3984 | D:5      | Killed Capuchin's ghost
  3984 | D:5      | Reached skill level 5 in Fighting
  3984 | D:5      | Reached skill level 8 in Unarmed Combat
  4148 | D:6      | Reached skill level 5 in Dodging
  4153 | D:6      | Found a hazy altar of Hepliaklqana.
  4293 | D:6      | Noticed Duvessa
  4293 | D:6      | Noticed Dowan
  4300 | D:6      | Killed Duvessa
  4308 | D:6      | Killed Dowan
  4389 | D:6      | Reached skill level 9 in Unarmed Combat
  4463 | D:7      | Reached XP level 9. HP: 78/88 MP: 8/8
  4676 | D:7      | Found a shadowy altar of Dithmenos.
  4961 | D:7      | Noticed Menkaure
  4964 | D:7      | Killed Menkaure
  5035 | D:7      | Reached *** piety under Makhleb
  5279 | D:8      | Reached skill level 10 in Unarmed Combat
  5320 | D:8      | Found a shimmering altar of Xom.
  5950 | D:9      | Reached XP level 10. HP: 100/100 MP: 9/9
  5968 | D:9      | Reached **** piety under Makhleb
  6129 | D:9      | Reached skill level 11 in Unarmed Combat
  6651 | D:10     | Entered Level 10 of the Dungeon
  6724 | D:10     | Noticed a hill giant
  6728 | D:10     | Killed a hill giant
  6824 | D:10     | Reached skill level 1 in Invocations
  6870 | D:10     | Reached skill level 12 in Unarmed Combat
  6887 | D:10     | Reached XP level 11. HP: 105/109 MP: 10/12
  7053 | D:10     | Found a staircase to the Orcish Mines.
  7073 | D:10     | Reached ***** piety under Makhleb
  7147 | Orc:1    | Entered Level 1 of the Orcish Mines
  7147 | Orc:1    | Noticed an orc knight
  7181 | Orc:1    | Killed an orc knight
  7194 | Orc:1    | Found a flagged portal.
  7200 | Bailey   | Entered a bailey
  7209 | Bailey   | Noticed Zwobot's ghost (novice DgFi)
  7219 | Bailey   | Killed Zwobot's ghost
  7225 | Bailey   | Noticed an orc knight
  7244 | Bailey   | Killed an orc knight
  7393 | Bailey   | Got an ancient battleaxe
  7395 | Bailey   | Identified the +8 battleaxe of Turmoil {drain, Str+2} (You found it in a bailey)
  7501 | Orc:1    | Noticed an orc sorcerer
  7763 | D:10     | Reached skill level 5 in Invocations
  7921 | D:11     | Noticed a hill giant
  7927 | D:11     | Killed a hill giant
  7929 | D:11     | Reached ****** piety under Makhleb
  8057 | D:11     | Found a staircase to the Lair.
  8067 | Lair:1   | Entered Level 1 of the Lair of Beasts
  8366 | Lair:1   | Reached XP level 12. HP: 122/122 MP: 15/15
  8726 | Lair:2   | Noticed Sonja
  8857 | Lair:2   | Reached skill level 1 in Armour
  9075 | D:11     | Found a shattered altar of Ashenzari.
  9081 | D:11     | Found a shattered altar of Ashenzari.
  9665 | D:11     | Reached skill level 13 in Unarmed Combat
 10038 | Lair:2   | Killed Sonja
 10257 | Lair:2   | Found a staircase to the Shoals.
 11440 | Lair:4   | Noticed an eight-headed hydra
 11541 | Lair:4   | Found a labyrinth entrance.
 11550 | Lab      | Entered a labyrinth
 12344 | Lab      | Noticed a minotaur
 12357 | Lab      | Killed a minotaur
 12497 | Lair:4   | Noticed Snorg
 12499 | Lair:4   | Reached XP level 13. HP: 131/131 MP: 18/18
 12665 | Lair:3   | Killed Snorg
 13101 | Lair:4   | Found a staircase to the Snake Pit.
 13221 | Lair:5   | Found a viscous altar of Jiyva.
 13221 | Lair:5   | Found a staircase to the Slime Pits.
 13839 | Lair:6   | Entered Level 6 of the Lair of Beasts
 14626 | Lair:6   | Reached skill level 5 in Armour
 14686 | Lair:6   | Reached skill level 10 in Invocations
 15001 | Lair:6   | Reached skill level 10 in Fighting
 15001 | Lair:6   | Reached skill level 14 in Unarmed Combat
 15121 | Lair:6   | Reached XP level 14. HP: 101/140 MP: 20/20
 16100 | Orc:1    | You fall through a shaft!
 16100 | Orc:2    | Entered Level 2 of the Orcish Mines
 16184 | Orc:2    | Found a roughly hewn altar of Beogh.
 16217 | Orc:2    | Found Sucekaum's Antique Weapon Shoppe.
 16253 | Orc:2    | Found a roughly hewn altar of Beogh.
 16463 | Orc:2    | Found a roughly hewn altar of Beogh.
 16534 | Orc:2    | Found a staircase to the Elven Halls.
 16645 | Orc:2    | Found a roughly hewn altar of Beogh.
 16698 | Orc:2    | Found Nucasoyk's Weapon Shoppe.
 16996 | Orc:2    | Noticed an orc warlord
 17032 | Orc:2    | Killed an orc warlord
 17097 | Orc:2    | Found Keotud's Antique Weapon Shop.
 17098 | Orc:2    | Found a roughly hewn altar of Beogh.
 17099 | Orc:2    | Found Hathrad's Antique Armour Boutique.
 17113 | Orc:2    | Bought a polished hat for 333 gold pieces
 17118 | Orc:2    | Identified the +0 hat of Too Many Cooks {*Drain Slay+6 SInv Stlth+} (You bought it in a shop on level 2 of the Orcish Mines)
 17165 | Orc:2    | Noticed a stone giant
 17189 | Orc:2    | Killed a stone giant
 17231 | Orc:2    | Found a roughly hewn altar of Beogh.
 17762 | D:12     | Noticed a stone giant
 17842 | D:13     | Reached skill level 1 in Throwing
 18525 | D:14     | Found a gate to the Vaults.
 18568 | D:14     | Reached XP level 15. HP: 79/150 MP: 0/22
 18720 | D:14     | Found a white marble altar of Elyvilon.
 19041 | D:14     | Found Rax Veo's Armour Shop.
 19478 | D:15     | Entered Level 15 of the Dungeon
 19710 | Snake:1  | Entered Level 1 of the Snake Pit
 19740 | Snake:1  | Reached skill level 15 in Unarmed Combat
 20333 | Snake:1  | Reached skill level 5 in Throwing
 20550 | Snake:2  | Found Lagysk's Antique Armour Emporium.
 20564 | Snake:2  | Bought an embroidered cloak for 315 gold pieces
 20564 | Snake:2  | Bought a runed cloak for 315 gold pieces
 20621 | Snake:2  | Reached skill level 1 in Shields
 20820 | Snake:2  | Found Boquroc's Assorted Antiques.
 20852 | Snake:2  | Bought a yellow potion for 34 gold pieces
 20852 | Snake:2  | Bought 2 metallic pink potions for 68 gold pieces
 20852 | Snake:2  | Bought 2 scrolls of enchant armour for 570 gold pieces
 20852 | Snake:2  | Bought a scroll of identify for 76 gold pieces
 20852 | Snake:2  | Bought a scroll labeled GASCHO GAUG for 38 gold pieces
 20852 | Snake:2  | Bought a fizzy purple potion for 34 gold pieces
 20871 | Snake:2  | Found Dom Ruerch's Book Shop.
 20874 | Snake:2  | Found Juehuxon's Distillery.
 20887 | Snake:2  | Bought a potion of curing for 33 gold pieces
 20887 | Snake:2  | Bought a potion of curing for 33 gold pieces
 20887 | Snake:2  | Bought a potion of curing for 33 gold pieces
 20970 | Snake:2  | Found Fiag Titaun's Gadget Boutique.
 21426 | Snake:3  | Found Yrphaext's Weapon Boutique.
 21428 | Snake:3  | Found Yxypig's Antique Weapon Shop.
 21430 | Snake:3  | Found Xuokh's Jewellery Boutique.
 21597 | Snake:3  | Identified a scroll of acquirement
 21599 | Snake:3  | Got a vibrating amber ring
 21601 | Snake:3  | Identified the ring of Relativism {rPois rN+++ Int+3 Dex+3} (You acquired it on level 3 of the Snake Pit)
 21807 | Snake:3  | Reached XP level 16. HP: 153/162 MP: 24/24
 21952 | Snake:4  | Entered Level 4 of the Snake Pit
 21956 | Snake:4  | Reached skill level 5 in Shields
 23354 | Snake:4  | Got a serpentine rune of Zot
 23537 | Snake:4  | Reached skill level 10 in Shields
 24173 | D:15     | Found a staircase to the Depths.
 24842 | Shoals:1 | Entered Level 1 of the Shoals
 24847 | Shoals:1 | Reached XP level 17. HP: 151/172 MP: 25/25
 25863 | Snake:3  | Bought the ring "Yzydeddi" {rElec rC+ Int+4} for 672 gold pieces
 26529 | Shoals:3 | Reached skill level 16 in Unarmed Combat
 27096 | Shoals:3 | Noticed a kraken
 27115 | Shoals:3 | Killed a kraken
 27147 | Shoals:4 | Entered Level 4 of the Shoals
 27424 | Shoals:4 | Noticed Ilsuiw
 27444 | Shoals:4 | HP: 6/172 [merfolk aquamancer/rapier of electrocution (7)]
 27664 | Shoals:4 | Noticed Polyphemus
 27709 | Shoals:4 | Killed Polyphemus
 28070 | Shoals:4 | Reached XP level 18. HP: 45/185 MP: 26/26
 28199 | Shoals:4 | Killed Ilsuiw
 28383 | Shoals:4 | Got a barnacled rune of Zot
 28680 | D:11     | Got a steaming hat
 28799 | Depths:1 | Entered Level 1 of the Depths
 28890 | Vaults:1 | Entered Level 1 of the Vaults
 28891 | Vaults:1 | Found Miyra's Book Boutique.
 30791 | Vaults:2 | Reached XP level 19. HP: 189/196 MP: 27/27
 30837 | Vaults:2 | Paralysed by an orc sorcerer for 7 turns
 30940 | Vaults:2 | Reached skill level 17 in Unarmed Combat
 31164 | Vaults:2 | Paralysed by a sphinx for 5 turns
 31444 | Vaults:2 | Upgraded the game from 0.19-a0-1922-g1e9a4c1 to 0.19-a0-1932-g59670f6
 31788 | Vaults:3 | Found a blossoming altar of Fedhas.
 32044 | Vaults:3 | Paralysed by a great orb of eyes for 6 turns
 32066 | Vaults:3 | Got a polished cloak
 32078 | Vaults:3 | Identified the +0 cloak of Dim Light {rPois Int-4 Dex+5 Stlth+} (You acquired it on level 3 of the Vaults)
 32124 | Vaults:3 | Noticed a bone dragon
 32147 | Vaults:3 | Killed a bone dragon
 32147 | Vaults:3 | Reached skill level 10 in Armour
 32168 | Vaults:3 | Found a staircase to the Crypt.
 33243 | Vaults:4 | Reached XP level 20. HP: 206/206 MP: 28/28
 33838 | Vaults:4 | Identified the +0 hat "Wewudoce" {rElec} (You acquired it on level 11 of the Dungeon)
 34262 | Depths:1 | Found a gateway to Hell.
 34559 | Depths:1 | Found Nusihoarph's Pet Rocks.
 34900 | Depths:1 | Found Metexod's Gadget Shop.
 34901 | Depths:1 | Found Cunt's Jewellery Emporium.
 34902 | Depths:1 | Found Yffycs Qudgh's Gadget Shop.
 34916 | Depths:1 | Bought the ring of Vanity {+Fly MR+ Str+2 Dex+4 Stlth+} for 806 gold pieces
 35256 | Depths:2 | Reached skill level 15 in Shields
 35279 | Depths:2 | HP: 5/208 [deep troll earth mage simulacrum (16)]
 35630 | Depths:2 | Found a one-way gate leading to the halls of Pandemonium.
 35820 | Depths:2 | Reached skill level 18 in Unarmed Combat
 37041 | Vaults:4 | Got a shadowed robe
 37053 | Vaults:4 | Identified the cursed +1 robe of Poci {rElec rF+ rCorr Int-4} (You found it on level 4 of the Vaults)
 37053 | Vaults:4 | Lost intelligence.
 37205 | Vaults:5 | Entered Level 5 of the Vaults
 37209 | Vaults:5 | Noticed Sojobo
 37228 | Vaults:5 | Reached XP level 21. HP: 215/215 MP: 29/29
 37261 | Vaults:5 | Noticed an ancient lich
 37268 | Vaults:5 | Noticed a golden dragon
 37276 | Vaults:5 | Killed an ancient lich
 37291 | Vaults:5 | Noticed Margery
 37327 | Vaults:5 | Hit by a large rock thrown by a stone giant

Vault maps used:
D:1:      minmay_arrival_open_corners
D:2:      first_bread
D:5:      uniq_grinder
D:6:      basic_altar, uniq_duvessa
D:7:      grunt_ogre_cave, nicolae_dithmenos_shadow_blocks, uniq_menkaure
D:8:      minmay_door_square, xom_teletrap_fun
D:10:     kennysheep_orc_monster_closet_entryway
D:11:     grunt_lair_entry_orc_guard_hut, basic_altar,
          minmay_misc_feat_diagonals, evilmike_ruin_ashenzari
D:12:     minmay_expanding_circles
D:14:     lightli_vaults_fourway_checkpoint, elyvilon_altar_1, serial_shops,
          kennysheep_mini_moat
D:15:     grunt_enter_depths_hoard, minmay_crystal_room
Temple:   nicolae_temple_the_god_donut
Lair:1:   grunt_megastairs_1
Lair:2:   minmay_shoals_entry_hut, serial_bayou_lagoon_b, lemuel_fruit_tree,
          serial_bayou_shore_b, uniq_sonja
Lair:3:   cheibrodos_lair_reptile_den, serial_bayou_shore_a
Lair:4:   dummy_snake_entry, lab_entry_generic, uniq_snorg
Lair:5:   slime_altar_1, grunt_forest_small_clearings, roderic_carrion_pond,
          infiniplex_staircase_pool
Lair:6:   minmay_lair_end_enchanted_forest, grunt_megastairs_4
Shoals:2: nicolae_shoals_mertower
Shoals:4: shoals_end_grunt_ice, shoal_ilsuiw, uniq_polyphemus
Snake:1:  serial_bayou_pond_c, st_stairs_10
Snake:2:  serial_shops, shop, shop, nicolae_shop_behind_doors, shop,
          nicolae_shop_competitors_out_of_business, grunt_ministairs_15
Snake:3:  minmay_shop_star
Snake:4:  snake_pit, serial_bayou_shore_b
Orc:1:    enter_bailey_3, serial_shops, shop, guppyfry_orc_lava_fort
Orc:2:    grunt_orc_community_town_hall, grunt_orc_community_big_house_2,
          grunt_orc_community_big_house_1, grunt_orc_community_house_1,
          grunt_orc_community_house_3, grunt_orc_community_house_2,
          grunt_orc_community_house_3, grunt_orc_community_house_2
Vaults:1: hangedman_vaults_variations, hangedman_vaults_stitches,
          vaults_mumra_hex, nicolae_vaults_three_branches, vaults_mumra_hexcomb,
          ontoclasm_vaults_loading_screen, ontoclasm_vaults_fault,
          hangedman_vaults_hat, special_room_vaults,
          nicolae_vaults_little_squares_4, serial_shops, nicolae_shop_trees
Vaults:2: hangedman_vaults_locks, kb_rosetta, vaults_room_ringed_pool,
          ontoclasm_vaults_claustrophobia, vaults_mumra_minichess,
          vaults_room_door_hall, hangedman_vaults_stream, v_misc_15,
          vaults_room_hallway, vaults_dpeg_diagonal, vaults_room_pools
Vaults:3: vaults_room_hallway, nicolae_vaults_little_squares_4, v_misc_9,
          minmay_crypt_entry_nasty_monster, vaults_room_pools, v_misc_5,
          hangedman_vaults_trim, nicolae_vaults_murderbox, v_misc_12,
          grunt_vaults_focal, ontoclasm_vaults_loading_screen, v_alt_pattern_5,
          v_alt_pattern_4, nicolae_vaults_theta, vaults_room_door_hall,
          basic_altar
Vaults:4: hangedman_vaults_stretched_pinwheel, ontoclasm_vaults_idyll,
          nicolae_vaults_little_squares_6, nicolae_vaults_statue_guard,
          ontoclasm_vaults_eye, nicolae_vaults_border_crossing,
          vaults_room_pools, nicolae_vaults_shelves_hall
Vaults:5: serial_shops, uniq_mara, uniq_sojobo, uniq_margery, uniq_xtahua
Depths:1: serial_sigils_hangedman_stare, hangedman_coc_ice_floe,
          guppyfry_shop_earth, grunt_megastairs_2, minmay_shop_grove
Depths:2: nooodl_heptagram, pan_entry, abyss_entry, grunt_metal_band,
          serial_bayou_shore_b
Bailey:   bailey_axe_1, bailey

Skill      XL: |  1  2  3  4  5  6  7  8  9 10 11 12 13 14 15 16 17 18 19 20 |
---------------+-------------------------------------------------------------+-----
Unarmed Combat | 4 5 6 7 9 10 12 13 14 15 16 17 18 | 18.3
Fighting       | 3 4 5 6 7 8 9 10 11 12 13 14 | 14.8
Dodging        | 3 4 5 6 7 8 9 |  9.4
Invocations    | 2 6 8 10 11 12 13 | 13.2
Armour         | 3 5 7 8 9 10 11 | 11.3
Throwing       | 3 5 7 |  7.5
Shields        | 4 10 11 13 14 15 | 15.5
Stealth        | |  1.0

Action                   |  1- 3 |  4- 6 |  7- 9 | 10-12 | 13-15 | 16-18 | 19-21 || total
-------------------------+-------+-------+-------+-------+-------+-------+-------++-------
Melee: Unarmed           |   117 |   159 |   237 |   907 |  1671 |  1842 |  1387 ||  6320
       Punch             |     4 |     6 |    14 |    63 |   138 |       |       ||   225
Invok: Greater Servant o |       |       |       |       |       |     3 |     2 ||     5
       Major Destruction |       |       |       |       |       |     1 |       ||     1
Evoke: Wand              |       |       |       |     3 |     1 |    15 |    11 ||    30
  Use: Scroll            |       |       |     4 |    11 |    17 |    16 |    11 ||    59
       Potion            |       |       |       |       |       |       |     6 ||     6
 Stab: Sleeping          |     4 |     1 |     6 |     4 |     7 |     4 |     4 ||    30
       Petrified         |       |       |       |       |    11 |       |       ||    11
       Distracted        |       |       |       |       |     1 |     2 |     4 ||     7
       Confused          |       |       |       |       |       |     1 |       ||     1
  Eat: Chunk             |    15 |    22 |    23 |    58 |    71 |    89 |    55 ||   333
       Pizza             |       |       |       |     2 |     4 |       |       ||     6
       Fruit             |       |       |       |       |     3 |       |       ||     3
       Beef jerky        |       |       |       |       |     4 |     2 |       ||     6
Armor: Robe              |    42 |    36 |    30 |    11 |       |       |       ||   119
       Troll leather arm |       |       |       |   194 |   421 |   152 |       ||   767
       Fire dragon scale |       |       |       |       |       |   276 |   359 ||   635
Dodge: Dodged            |    57 |   106 |   151 |   826 |  1197 |   522 |   353 ||  3212
Block: Large shield      |       |       |       |       |   127 |  1601 |  1142 ||  2870
